 Dungeon Crawl Stone Soup version 0.20.1-1-g8b1a95d (webtiles) character file.

127 McKennaii the Ruffian (level 4, 0/35 HPs)
             Began as a Draconian Transmuter on July 21, 2017.
             Slain by a gnoll (7 damage)
             ... on level 3 of the Dungeon.
             The game lasted 00:06:48 (3952 turns).

McKennaii the Ruffian (Draconian Transmuter)        Turns: 3952, Time: 00:06:49

Health: 0/35       AC:  5    Str: 13    XL:     4   Next: 85%
Magic:  5/7        EV: 13    Int: 14    God:
Gold:   147        SH:  0    Dex: 11    Spells: 4/7 levels left

rFire    . . .     SeeInvis .     - Unarmed
rCold    . . .     Gourm    .   (no shield)
rNeg     . . .     Faith    .   (armour unavailable)
rPois    .         Spirit   .   (helmet restricted)
rElec    .         Reflect  .   (no cloak)
rCorr    .         Harm     .   (no gloves)
MR       .....                  (no boots)
Stlth    +.........             (no amulet)
Regen    0.2/turn               (no ring)
MPRegen  0.1/turn               (no ring)

@: starving
A: unfitting armour, cold-blooded, AC +5
a: no special abilities


You were on level 3 of the Dungeon.
You were starving.

You visited 1 branch of the dungeon, and saw 4 of its levels.

You collected 147 gold pieces.

Inventory:

Missiles
 a - 23 arrows
Scrolls
 d - a scroll of magic mapping {unknown}
 f - 5 scrolls of teleportation {unknown}
 g - 6 scrolls of remove curse {unknown}
 h - 4 scrolls of identify {unknown}
 k - a scroll of blinking {unknown}
 l - 3 scrolls of amnesia {unknown}
 m - a scroll of immolation {unknown}
Potions
 e - a potion of mutation {unknown}
 i - 2 potions of curing {unknown}
 p - a potion of heal wounds {unknown}
Books
 b - a book of Changes

   Spells                             Type                      Level
   a - Beastly Appendage              Transmutation                1
   b - Sticks to Snakes               Transmutation                2
   c - Spider Form                    Transmutation/Poison         3
   d - Ice Form                       Ice/Transmutation            4
   e - Blade Hands                    Transmutation                5
Comestibles
 c - 4 bread rations
 j - 3 royal jellies
 n - 6 fruits
 o - a meat ration


   Skills:
 + Level 1.2 Fighting
 + Level 2.9 Dodging
 + Level 1.1 Stealth
 + Level 4.1 Unarmed Combat
 + Level 2.1 Spellcasting
 * Level 2.7 Transmutations


You had 4 spell levels left.
You knew the following spells:

 Your Spells              Type           Power        Failure   Level  Hunger
a - Beastly Appendage     Tmut           #.....       8%          1    #......
b - Sticks to Snakes      Tmut           #.......     12%         2    ###....


Dungeon Overview and Level Annotations

Branches:
Dungeon (4/15)
 Temple: D:4-7

Altars:

Annotations:
D:4 Pikel


Innate Abilities, Weirdness & Mutations

Your plain brown scales are hard. (AC +5)
You cannot fit into any form of body armour.
You are cold-blooded and may be slowed by cold attacks.


Message History

You hit the gnoll but do no damage. Your punch misses the gnoll.
The gnoll is moderately wounded.
The gnoll hits you!
You barely miss the gnoll.
The gnoll is moderately wounded.
The gnoll hits you but does no damage.
You closely miss the gnoll.
The gnoll is moderately wounded.
The gnoll hits you.
You barely miss the gnoll.
The gnoll is moderately wounded.
The gnoll hits you.
* * * LOW HITPOINT WARNING * * *
You closely miss the gnoll.
The gnoll is moderately wounded.
The gnoll barely misses you.
You hit the gnoll.
The gnoll is severely wounded.
The gnoll hits you!
You die...

########......#####
#........####.#...#
#........####'#.#.#
#........##.....#.#
#........#......#.#
########.#......#.#
##########.#......#.#
...........#......#.#
................@...#######
#####.....##....g.........# #
#.....##.###..........# #
#.....##.###.....)....# #
#.....##.##....(......# #
####'###.##..<........# #
#.#...##...........#
########.#................#
...[...#.#######..........###


You could see a gnoll.

Vanquished Creatures
  A slave (D:3)
  2 adders
  An ooze (D:2)
  6 worms
  2 dart slugs
  3 leopard geckos
  2 orcs (D:3)
  A giant cockroach (D:3)
  7 goblins
  11 hobgoblins
  7 jackals
  A quokka (D:2)
  4 ball pythons
  9 bats
  3 frilled lizards (D:2)
  8 kobolds
  A leopard gecko skeleton (D:4)
  7 rats
76 creatures vanquished.

Vanquished Creatures (collateral kills)
  A rat (D:4)
1 creature vanquished.

Grand Total: 77 creatures vanquished

Notes
Turn   | Place    | Note
-------+----------+-------------------------------------------
     0 | D:1      | McKennaii the Draconian Transmuter began the quest for the Orb.
     0 | D:1      | Reached XP level 1. HP: 16/16 MP: 3/3
   247 | D:1      | Reached XP level 2. HP: 14/23 MP: 5/5
   752 | D:1      | You fall through a shaft!
   833 | D:2      | Learned a level 2 spell: Sticks to Snakes
  1022 | D:2      | Reached XP level 3. HP: 28/28 MP: 6/6
  1830 | D:2      | Reached XP level 4. HP: 35/35 MP: 7/7
  2561 | D:3      | Reached skill level 1 in Stealth
  2841 | D:3      | Found a faded altar of an unknown god.
  3091 | D:3      | Reached skill level 4 in Unarmed Combat
  3650 | D:4      | Noticed a slave
  3663 | D:4      | Noticed a slave
  3665 | D:4      | Noticed Pikel
  3701 | D:3      | Killed a slave
  3952 | D:3      | Slain by a gnoll

Skill      XL: |  1  2  3  4 |
---------------+-------------+-----
Dodging        | 2 |  2.9
Stealth        | 1 |  1.1
Unarmed Combat | 4 |  4.1
Fighting       | |  1.2
Spellcasting   | |  2.1
Transmutations | |  2.7

Action                   |  1- 3 |  4- 6 || total
-------------------------+-------+-------++-------
Melee: Unarmed           |   206 |   288 ||   494
       Tailslap          |    19 |    26 ||    45
       Punch             |     2 |       ||     2
 Cast: Sticks to Snakes  |       |     9 ||     9
 Stab: Sleeping          |     3 |     4 ||     7
       Distracted        |     1 |     2 ||     3
  Eat: Chunk             |     3 |     5 ||     8
       Fruit             |       |     1 ||     1
Armor: Skin              |    82 |    67 ||   149
Dodge: Dodged            |   157 |   148 ||   305
